 Dungeon Sprint DCSS version 0.21-a0-264-g3e31e41 (webtiles) character file.

256 Kidiri the Covert (level 5, 0/23 (28) HPs)
             Began as a Spriggan Enchanter on Sept 8, 2017.
             Slain by a necrophage (7 damage)
             ... while paralysed
             ... in the Dungeon (Sprint II: "The Violet Keep of Menkaure").
             The game lasted 00:00:16 (28 turns).

Kidiri the Covert (Spriggan Enchanter)                Turns: 28, Time: 00:00:16

HP:   0/23 (28)     AC:  2    Str:  4    XL:     5   Next: 92%
MP:   8/15          EV:  4    Int: 16    God:
Gold: 0             SH:  0    Dex: 18    Spells: 16/17 levels left

rFire    . . .     SeeInvis +   a - +1 dagger
rCold    . . .     Gourm    .   (shield restricted)
rNeg     . . .     Faith    .   b - +0 robe
rPois    .         Spirit   .   (helmet restricted)
rElec    .         Reflect  .   (no cloak)
rCorr    .         Harm     .   (gloves unavailable)
MR       .....     NoTele   +   (boots unavailable)
Stlth    ++++......             (no amulet)
HPRegen  0.00/turn              (no ring)
MPRegen  0.14/turn              (no ring)

@: paralysed, berserk cooldown, non-regenerating, badly diseased, slowed, very
quick
A: unfitting armour, see invisible, herbivore 3, speed 3, slow metabolism 2
a: no special abilities


You were in the Dungeon.
You were not hungry.

You visited 1 branch

Inventory:

Hand Weapons
 a - a +1 dagger (weapon)
Armour
 b - a +0 robe (worn)
Scrolls
 j - a scroll of blinking
Potions
 e - a potion of curing
 f - a potion of heal wounds
 g - a potion of haste
 h - 2 potions of magic
Books
 c - a book of Maledictions

   Spells                             Type                      Level
   a - Corona                         Hexes                        1
   b - Ensorcelled Hibernation        Hexes/Ice                    2
   c - Confuse                        Hexes                        3
   d - Tukima's Dance                 Hexes                        3
   e - Dazzling Spray                 Conjuration/Hexes            3
Comestibles
 d - a bread ration


   Skills:
 + Level 2.8 Fighting
 * Level 5.6 Short Blades
 + Level 2.5 Armour
 * Level 7.9 Dodging
 * Level 9.3 Stealth
 * Level 6.7 Spellcasting
 + Level 5.7 Hexes


You had 16 spell levels left.
You knew the following spells:

 Your Spells              Type           Power        Failure   Level  Hunger
a - Corona                Hex            ###....      1%          1    None


Dungeon Overview and Level Annotations

Branches:
Dungeon (1/1)

Altars:


Innate Abilities, Weirdness & Mutations

You are very small and have problems with some larger weapons.
You are too small for most types of armour.
You have supernaturally acute eyesight. (SInv)
You are a herbivore.
You cover ground extremely quickly.
You need consume almost no food.


Message History

The necrophage is moderately damaged.
You puncture the necrophage!
The necrophage is severely damaged.
You hit the necrophage.
The necrophage is severely damaged.
The necrophage completely misses you. The necrophage hits you.
You puncture the necrophage!
You destroy the necrophage!
Your Short Blades skill increases to level 5!
Your Stealth skill increases to level 9!
You are no longer berserk.
You pass out from exhaustion.
You feel yourself slow down. The necrophage hits you. The necrophage hits you.
You feel ill.
You feel your flesh rotting away! The necrophage hits you.
You feel your flesh rotting away! The necrophage hits you.
* * * LOW HITPOINT WARNING * * *
You feel your flesh rotting away! The necrophage hits you!
You die...

##. .##
.w w. #
$#. #.
#+#
#H##.##
#+.<.+
#H##.##
#.
##'## #
#.@n#
#..#..#
##. .##
## ##


You could see a necrophage.

Vanquished Creatures
  3 necrophages (D)
3 creatures vanquished.

Vanquished Creatures (others)
  A crocodile (D)
1 creature vanquished.

Grand Total: 4 creatures vanquished

Notes
Turn   | Place    | Note
-------+----------+-------------------------------------------
     0 | D        | Kidiri the Spriggan Enchanter began the quest for the Orb.
     0 | D        | Reached XP level 1. HP: 9/9 MP: 5/5
     1 | D        | Noticed a tyrant leech
     1 | D        | Noticed a tyrant leech
     4 | D        | Noticed a hippogriff
     4 | D        | Noticed a hippogriff
     7 | D        | Noticed a necrophage
     7 | D        | Noticed a necrophage
     7 | D        | Noticed a necrophage
     7 | D        | Noticed a necrophage
    14 | D        | Killed a necrophage
    14 | D        | Reached skill level 1 in Fighting
    14 | D        | Reached skill level 1 in Armour
    14 | D        | Reached skill level 5 in Dodging
    14 | D        | Reached skill level 7 in Stealth
    14 | D        | Reached skill level 5 in Spellcasting
    14 | D        | Reached XP level 2. HP: 15/15 MP: 6/9
    14 | D        | Reached XP level 3. HP: 18/18 MP: 6/10
    14 | D        | Reached XP level 4. HP: 23/23 MP: 7/12
    15 | D        | Killed a crocodile
    18 | D        | Killed a necrophage
    18 | D        | Reached skill level 8 in Stealth
    18 | D        | Reached skill level 5 in Hexes
    18 | D        | Reached XP level 5. HP: 26/26 MP: 7/14
    23 | D        | Killed a necrophage
    23 | D        | Reached skill level 5 in Short Blades
    23 | D        | Reached skill level 9 in Stealth
    28 | D        | Slain by a necrophage

Vault maps used:
D:        the_violet_keep_of_menkaure

Skill      XL: |  1  2  3  4  5 |
---------------+----------------+-----
Fighting       | 1 2 |  2.8
Short Blades   | 3 4 5 |  5.6
Armour         | 1 2 |  2.5
Dodging        | 5 7 |  7.9
Stealth        | 7 8 9 |  9.3
Spellcasting   | 5 6 |  6.7
Hexes          | 4 5 |  5.7

Action                   |  1- 3 |  4- 6 || total
-------------------------+-------+-------++-------
Melee: Dagger            |     5 |     8 ||    13
  Use: Potion            |     1 |       ||     1
Armor: Robe              |     1 |       ||     1
Dodge: Dodged            |     2 |     2 ||     4

Table legend:
 A = Spawn XP
 B = Non-spawn XP
 C = Spawn XP percentage of total XP
 D = Spawn monster count
 E = Non-spawn monster count
 F = Spawn count percentage of total count
 G = Total turns spent on level
                    A         B        C        D         E        F      G
               +---------+---------+-------+---------+---------+-------+---------
         Total |       0 |     366 |   0.0 |       0 |       3 |   0.0 |    28
               +---------+---------+-------+---------+---------+-------+---------
             D |       0 |     366 |   0.0 |       0 |       3 |   0.0 |    28
               +---------+---------+-------+---------+---------+-------+---------
